 Dungeon Crawl Stone Soup version 0.22-a0-815-gb582571 (webtiles) character file.

235 Amnesiac the Digger (level 5, -4/35 HPs)
             Began as a Mummy Earth Elementalist on July 23, 2018.
             Slain by a bullfrog skeleton (6 damage)
             ... on level 4 of the Dungeon.
             The game lasted 00:02:25 (1799 turns).

Amnesiac the Digger (Mummy Earth Elementalist)      Turns: 1799, Time: 00:02:26

Health: -4/35      AC:  3    Str: 11    XL:     5   Next: 76%
Magic:  9/11       EV: 12    Int: 15    God:
Gold:   93         SH:  0    Dex: 13    Spells: 4/12 levels left

rFire    x . .     SeeInvis .   a - +3 dagger (venom)
rCold    + . .     Gourm    .   (no shield)
rNeg     + + +     Faith    .   c - +0 robe
rPois    ∞         Spirit   .   (no helmet)
rElec    .         Reflect  .   (no cloak)
rCorr    .         Harm     .   (no gloves)
MR       .....                  f - +0 pair of boots
Stlth    +.........             (no amulet)
HPRegen  0.11/turn              d - ring of attention (curse)
MPRegen  0.12/turn              (no ring)

@: no status effects
A: no food or potions, fire vulnerability, cold resistance 1, negative energy
resistance 3, torment resistance, unbreathing
a: no special abilities


You were on level 4 of the Dungeon.
You were not hungry.

You visited 1 branch of the dungeon, and saw 4 of its levels.

You collected 93 gold pieces.

Inventory:

Hand Weapons
 a - a +3 dagger of venom (weapon)
Missiles
 i - 106 stones (quivered)
Armour
 c - a +0 robe (worn)
 f - a +0 pair of boots (worn)
 j - a +0 buckler
Magical Staves
 b - an uncursed staff of conjuration
Jewellery
 d - a cursed ring of attention (left hand)
Wands
 k - a wand of polymorph (10)
Scrolls
 e - 3 scrolls of teleportation {!r}
 g - 2 scrolls of identify {!r, unknown}
 h - a scroll of remove curse {!r, unknown}


   Skills:
 - Level 1.5 Dodging
 - Level 1.5 Stealth
 + Level 1.5 Shields
 + Level 4.4 Spellcasting
 - Level 0.7 Transmutations
 * Level 4.4 Earth Magic


You had 4 spell levels left.
You knew the following spells:

 Your Spells              Type           Power        Failure   Level  Hunger
a - Sandblast             Erth           ###...       2%          1    N/A
b - Passwall              Tmut/Erth      ##......     9%          2    N/A
c - Stone Arrow           Conj/Erth      #.....       22%         3    N/A
v - Blink                 Tloc           N/A          26%         2    N/A

Your spell library contained the following spells:

 Spells                   Type           Power        Failure   Level  Hunger
 Magic Dart               Conj           #...         17%         1    N/A
 Conjure Flame            Conj/Fire      #.......     45%         3    N/A
 Slow                     Hex            #.......     26%         2    N/A
 Mephitic Cloud           Conj/Pois/Air  #.......     45%         3    N/A
 Call Imp                 Summ           #.......     26%         2    N/A
 Lee's Rapid Deconstruct  Erth           ###.......   61%         5    N/A
 Petrify                  Tmut/Erth      ##......     52%         4    N/A

Dungeon Overview and Level Annotations

Branches:
Dungeon (4/15)
 Temple: D:4-7

Altars:


Innate Abilities, Weirdness & Mutations

You do not eat or drink.
Your flesh is vulnerable to fire.
You are immune to poison.
Your flesh is cold resistant. (rC+)
You are immune to negative energy. (rN+++)
You are immune to unholy pain and torment.
You can survive without breathing.


Message History

The ooze is severely wounded.
The ooze hits you.
You hit the ooze.
You kill the ooze!
No target in view!
There is a stone staircase leading up here.
You start resting.
HP restored.
You start resting.
HP restored.
You climb upwards.
There is a stone staircase leading down here.
You climb downwards.
A giant cockroach comes into view.
There is a stone staircase leading up here.
You hit the giant cockroach.
The giant cockroach is heavily wounded.
The giant cockroach bites you.
You hit the giant cockroach.
The giant cockroach is poisoned.
The giant cockroach is almost dead.
You kill the giant cockroach!
Really read
e - 4 scrolls labeled LIMIETTOLOSM {!r}?
As you read the scroll labeled LIMIETTOLOSM {!r}, it crumbles to dust.
You feel strangely unstable.
It was a scroll of teleportation {!r}.
You start waiting.
Your surroundings suddenly seem different.
A dart slug comes into view.
An ogre comes into view. It is wielding a giant spiked club.
The ogre shouts!
A bullfrog skeleton comes into view.
The dart slug misses you.
You hit the dart slug.
The dart slug is poisoned.
The dart slug is moderately wounded.
The dart slug launches a dart at you. The slug dart hits you!
You hit the dart slug.
The dart slug looks as sick as possible!
The dart slug is almost dead.
You kill the dart slug!
The ogre hits you with a giant spiked club!!
Ouch! That really hurt!
* * * LOW HITPOINT WARNING * * *
Casting: Sandblast (safe; 2% risk of failure)
Confirm with . or Enter, or press ? or * to list all spells.
Aiming: Sandblast (safe; 2% risk of failure)
Press: ? - help, Shift-Dir - straight line, f - bullfrog skeleton
Aim: a bullfrog skeleton The blast of sand hits the bullfrog skeleton.
The bullfrog skeleton is moderately damaged.
i - 107 stones The bullfrog skeleton barely misses you.
The ogre barely misses you. The bullfrog skeleton misses you.
You see here a scroll labeled IMANOWKUPSA {!r}.
Casting: Sandblast (safe; 2% risk of failure)
Confirm with . or Enter, or press ? or * to list all spells.
Aiming: Sandblast (safe; 2% risk of failure)
Press: ? - help, Shift-Dir - straight line, f/p - bullfrog skeleton
Aim: a bullfrog skeleton (moderately damaged)
The blast of sand hits the bullfrog skeleton.
The bullfrog skeleton is heavily damaged.
i - 106 stones The bullfrog skeleton hits you.
You die...

#........##.. ^.
####...#.....
... #.....#####
$... #.#.#.
.$..#########
.......
...#......#.# .$
..........#.. ..
#.##........
#..#@####..
#.OZ........
#.....#...####..
...####.#.# ...
#.#..# .. #.##.#
. #.# .# ..# .#
...


You could see an ogre and a bullfrog skeleton.

Vanquished Creatures
  An ogre (D:4)
  An orc wizard (D:3)
  2 gnolls (D:3)
  2 adders (D:2)
  An ooze (D:4)
  2 worms (D:2)
  4 dart slugs
  4 orcs (D:3)
  7 bats
  4 giant cockroaches
  7 goblins (D:2)
  5 hobgoblins
  7 jackals
  2 quokkas (D:2)
  A ball python (D:2)
  A frilled lizard (D:1)
  6 kobolds
  3 rats
60 creatures vanquished.

Notes
Turn   | Place    | Note
-------+----------+-------------------------------------------
     0 | D:1      | Amnesiac the Mummy Earth Elementalist began the quest for the Orb.
     0 | D:1      | Reached XP level 1. HP: 13/13 MP: 4/4
   320 | D:1      | Reached XP level 2. HP: 17/19 MP: 3/5
   328 | D:1      | Learned a level 2 spell: Passwall
   546 | D:2      | Reached XP level 3. HP: 9/24 MP: 5/7
   740 | D:2      | Learned a level 3 spell: Stone Arrow
  1141 | D:2      | Reached XP level 4. HP: 25/30 MP: 9/9
  1317 | D:3      | Learned a level 2 spell: Blink
  1518 | D:3      | Reached skill level 1 in Shields
  1518 | D:3      | Reached XP level 5. HP: 15/35 MP: 9/11
  1531 | D:4      | Noticed an ogre
  1535 | D:4      | Killed an ogre
  1793 | D:4      | Noticed an ogre
  1795 | D:4      | HP: 1/35 [ogre/giant spiked club (29)]
  1799 | D:4      | Slain by a bullfrog skeleton

Vault maps used:
D:1:      dpeg_arrival_concentric_ovals
D:2:      hangedman_decor_lopped
D:3:      bloody_trog
D:4:      uniq_edmund

Skill      XL: |  1  2  3  4 |
---------------+-------------+-----
Spellcasting   | 3 4 |  4.4
Earth Magic    | 3 4 |  4.4
Shields        | 1 |  1.5
Dodging        | |  1.5
Stealth        | |  1.5
Transmutations | |  0.7

Action                   |  1- 3 |  4- 6 || total
-------------------------+-------+-------++-------
Melee: Unarmed           |    15 |       ||    15
       Dagger            |    74 |    58 ||   132
 Cast: Sandblast         |    15 |     6 ||    21
  Use: Scroll            |       |     1 ||     1
Armor: Robe              |    26 |     9 ||    35
Dodge: Dodged            |    64 |    28 ||    92

Table legend:
 A = Spawn XP
 B = Non-spawn XP
 C = Spawn XP percentage of total XP
 D = Spawn monster count
 E = Non-spawn monster count
 F = Spawn count percentage of total count
 G = Total turns spent on level
                    A         B        C        D         E        F      G
               +---------+---------+-------+---------+---------+-------+---------
         Total |       0 |     337 |   0.0 |       0 |      60 |   0.0 |  1799
               +---------+---------+-------+---------+---------+-------+---------
           D:1 |       0 |      12 |   0.0 |       0 |       8 |   0.0 |   368
           D:2 |       0 |      90 |   0.0 |       0 |      33 |   0.0 |   923
           D:3 |       0 |      96 |   0.0 |       0 |      14 |   0.0 |   242
           D:4 |       0 |     139 |   0.0 |       0 |       5 |   0.0 |   266
               +---------+---------+-------+---------+---------+-------+---------
